 Dungeon Crawl Stone Soup version 0.30.0 (webtiles) character file.

Game seed: 1236067648807534572

23 AlmostAGhost the Ducker (level 2, -1/22 HPs)
             Began as a Demonspawn Gladiator on May 6, 2023.
             Slain by a worm (5 damage)
             ... on level 2 of the Dungeon.
             The game lasted 00:01:23 (867 turns).

AlmostAGhost the Ducker (Demonspawn Gladiator)       Turns: 867, Time: 00:01:23

Health: -1/22      AC:  9    Str: 14    XL:     2   Next: 72%
Magic:  2/2        EV: 10    Int:  9    God:
Gold:   26         SH:  0    Dex: 14    Spells: 1/1 levels left

rFire   . . .        a - +0 long sword
rCold   . . .        (no shield)
rNeg    . . .        i - +0 scale mail
rPois   .            c - +0 helmet
rElec   .            (no cloak)
rCorr   .            (no gloves)
SInv    .            (no boots)
Will    .....        (no amulet) Stlth
                     (no ring)
HPRegen 0.23/turn    (no ring)
MPRegen 0.08/turn

%: no passive effects
@: no status effects
A: thin metallic scales 1
a: no special abilities


You were on level 2 of the Dungeon.
You visited 1 branch of the dungeon, and saw 2 of its levels.

You collected 26 gold pieces.

Inventory:

Hand Weapons
 a - a +0 long sword (weapon)
Missiles
 d - 3 throwing nets (quivered)
 e - a javelin
Armour
 b - a +0 leather armour
 c - a +0 helmet (worn)
 i - a +0 scale mail (worn)
Jewellery
 g - a ring of magical power
Scrolls
 f - a scroll of vulnerability {unknown}
 j - 3 scrolls of identify {unknown}
 k - a scroll of blinking {unknown}
 l - a scroll of silence {unknown}
Potions
 h - a potion of curing {unknown}
 m - a potion of attraction {unknown}
 n - a potion of might {unknown}
 o - a potion of invisibility {unknown}


   Skills:
 + Level 2.0 Fighting
 + Level 3.0 Long Blades
 + Level 1.8 Throwing
 + Level 0.9 Armour
 + Level 3.1 Dodging


You had one spell level left.
You didn't know any spells.
Your spell library was empty.

Dungeon Overview and Level Annotations

Branches:
Dungeon (2/15)

Altars:


Innate Abilities, Weirdness & Mutations

You are partially covered in thin metallic scales. (AC +2)


Message History

You are too injured to fight recklessly!
You are too injured to fight recklessly!
You are too injured to fight recklessly!
You are too injured to fight recklessly!
You are too injured to fight recklessly!
The endoplasm attacks as you move away! The endoplasm hits you.
You hit the rat but do no damage.
The rat twitches its whiskers.
The rat barely misses you.
You slash the rat!
You kill the rat!
You slash the endoplasm!
You kill the endoplasm!
The rat bites you but does no damage.
Your Long Blades skill increases to level 3!
You closely miss the rat. The rat closely misses you.
You slash the rat!
You kill the rat!
You closely miss the frilled lizard. The frilled lizard bites you.
You slash the frilled lizard!
You kill the frilled lizard!
You barely miss the worm.
The worm is moderately wounded.
The worm bites you.
You barely miss the worm.
The worm is lightly wounded.
The worm bites you.
* * * LOW HITPOINT WARNING * * *
You hit the worm.
The worm is moderately wounded.
You slash the worm!
The worm is severely wounded.
The worm bites you but does no damage.
You barely miss the worm.
The worm is severely wounded.
The worm bites you but does no damage.
You hit the worm.
The worm is almost dead.
The worm bites you.
You die...

#############
#######<..........####
+......>..............
###.###.#########.###.
#.#...# #.# #. #.#.#.#
#.###. #.#.#.# #.....
#.#@#.# ###### #.#w#.#
#.....# #.....#
.......# .........#
...........#
.........#.#
.......###.#


You could see a worm.

Vanquished Creatures
  2 endoplasms
  2 goblins (D:1)
  5 hobgoblins
  2 jackals (D:1)
  3 ball pythons (D:1)
  A bat (D:1)
  4 frilled lizards
  2 kobolds (D:1)
  2 rats (D:2)
23 creatures vanquished.

Notes
Turn   | Place    | Note
-------+----------+-------------------------------------------
     0 | D:1      | AlmostAGhost the Demonspawn Gladiator began the quest for
                  | the Orb.
     0 | D:1      | Reached XP level 1. HP: 16/16 MP: 1/1
   287 | D:1      | Gained mutation: You are partially covered in thin metallic
                  | scales. (AC +2) [demonic ancestry]
   287 | D:1      | Reached XP level 2. HP: 14/22 MP: 2/2
   867 | D:2      | Slain by a worm

Illustrated notes

Levels and vault maps discovered:
D:1:      wander_arrival_desolate, layout_loops_cross
D:2:      layout_basic, basic_altar, uniq_robin

Skill      XL: |  1  2 |
---------------+-------+-----
Dodging        | 3 |  3.1
Long Blades    | 3 |  3.0
Fighting       | |  2.0
Throwing       | |  1.8
Armour         | |  0.9

Action                     || total
---------------------------++-------
  Melee: Long sword        ||    78
         Punch             ||     2
 Armour: Scale mail        ||    26
         Leather armour    ||     4
  Dodge: Dodged            ||    50
